 Dungeon Crawl Stone Soup version 0.18.1-48-g4cf74bf (webtiles) character file.

7950 Puuhinen the Covert (level 11, 0/75 HPs)
             Began as an Octopode Assassin on Aug 16, 2016.
             Was a Priest of Dithmenos.
             Succumbed to a killer bee's poison
             ... on level 11 of the Dungeon.
             The game lasted 01:05:30 (12254 turns).

Puuhinen the Covert (Octopode Assassin)            Turns: 12254, Time: 01:05:31

Health: 0/75       AC:  6    Str: 11      XL:     11   Next: 23%
Magic:  15/15      EV: 16    Int: 14      God:    Dithmenos [***...]
Gold:   556        SH:  0    Dex: 15 (16) Spells: 2 memorised, 14 levels left

rFire  . . .     SeeInvis .     a - +2 dagger (protect)
rCold  . . .     Gourm    .     (no shield)
rNeg   + . .     Faith    .     (helmet restricted)
rPois  .         Spirit   .     n - amulet of rage
rElec  .         Dismiss  .     E - ring of positive energy
rCorr  .         Reflect  .     H - ring of stealth
SustAt .         Harm     .     (no ring)
MR     .....                    (no ring)
Stlth  ++++++++++               (no ring)
                                (no ring)
                                (no ring)
                                (no ring)

@: lethally poisoned (0 -> -5), wreathed by umbra, not resistant to hostile
enchantments, uncannily stealthy
A: almost no armour, amphibious, 8 rings, constrict 8, camouflage 1, gelatinous
body 1
a: Shadow Step, Renounce Religion, Evoke Berserk Rage


You were on level 11 of the Dungeon.
You worshipped Dithmenos.
Dithmenos was most pleased with you.
You were not hungry.

You visited 2 branches of the dungeon, and saw 12 of its levels.

You collected 623 gold pieces.
You spent 67 gold pieces at shops.

Inventory:

Hand Weapons
 a - a +2 dagger of protection (weapon)
 b - a +0 blowgun
 k - a +0 short sword of draining
Missiles
 c - 36 poisoned needles
 w - 5 silver tomahawks (quivered)
 J - 4 poisoned tomahawks
Armour
 I - a +0 buckler
Jewellery
 n - an amulet of rage (around mantle)
 E - a ring of positive energy (left tentacle)
 H - a ring of stealth (right tentacle)
Wands
 t - a wand of iceblast (15/15)
 v - a wand of paralysis (16/24)
 A - a wand of polymorph (12/24)
 C - a wand of paralysis (5/24)
Scrolls
 e - a scroll of enchant weapon {unknown}
 g - 2 scrolls of teleportation
 h - 2 scrolls of amnesia
 m - a scroll of immolation {unknown}
 o - 2 scrolls of recharging
 q - 8 scrolls of remove curse
 r - a scroll of identify
 B - a scroll of fog
 D - 2 scrolls of enchant armour
Potions
 i - 2 potions of degeneration {unknown}
 j - 3 potions of lignification
 p - a potion of cure mutation {unknown}
 s - 3 potions of brilliance {unknown}
 x - 2 potions of ambrosia
 z - a potion of cancellation {unknown}
Books
 y - a book of Party Tricks

   Spells                             Type                      Level
   a - Summon Butterflies             Summoning                    1
   b - Apportation                    Translocation                1
   c - Tukima's Dance                 Hexes                        3
   d - Alistair's Intoxication        Transmutation/Poison         5
   e - Invisibility                   Hexes                        6
Comestibles
 d - 2 beef jerkies
 f - 6 bread rations
 l - 8 slices of pizza


   Skills:
 * Level 7.3 Fighting
 + Level 7.4 Short Blades
 - Level 6.0 Throwing
 + Level 6.9 Dodging
 - Level 13.0 Stealth
 * Level 2.3 Shields
 - Level 3.0 Spellcasting
 - Level 3.4 Translocations
 + Level 1.3 Evocations


You had 14 spell levels left.
You knew the following spells:

 Your Spells              Type           Power        Failure   Level  Hunger
a - Apportation           Tloc           ##........   6%          1    #......
b - Summon Butterflies    Summ           #.......     24%         1    #......


Dungeon Overview and Level Annotations

Branches:
Dungeon (11/15)            Temple (1/1) D:6            Lair (0/8) D:11
    Orc (0/2) D:9

Altars:
Ashenzari
Cheibriados
Dithmenos
Elyvilon
Fedhas
Gozag
Kikubaaqudgha
Makhleb
Nemelex Xobeh
Okawaru
Pakellas
Qazlal
Ru
Sif Muna
Trog
Vehumet
Xom
Yredelemnul
Zin
The Shining One
Beogh

Shops:
D:10 [


Innate Abilities, Weirdness & Mutations

You cannot wear most types of armour.
You are amphibious.
You can wear up to eight rings at the same time.
You can use your tentacles to constrict eight enemies at once.
Your skin changes colour to match your surroundings (Stealth).
Your rubbery body absorbs attacks (AC +1).


Message History

* * * LOW HITPOINT WARNING * * *
You feel sick. The killer bee misses you.
* * * LOW HITPOINT WARNING * * *
You feel sick.
The killer bee stings you but does no damage.
Drink which item? (? for menu, Esc to quit)
You feel better. The killer bee misses you.
The killer bee barely misses you. x2
The killer bee closely misses you. The killer bee closely misses you.
The killer bee misses you. x2
The killer bee misses you. The killer bee closely misses you.
The killer bee stings you.
* * * LOW HITPOINT WARNING * * *
The killer bee misses you. The killer bee barely misses you.
The killer bee misses you. The killer bee misses you.
The killer bee closely misses you. The killer bee closely misses you.
The killer bee stings you.
* * * LOW HITPOINT WARNING * * *
You are lethally poisoned!
The killer bee poisons you!
You die...

*.,*,,,,,,#..#....+.#........##..
+..########..#....#.#.........'..
*.........[..#....#.#.........'..
*....).<))...#....#.##........#..
*............#....#..#........#..
*.......)....#....#..#####....#..
*............#'####......#..T.#..
*.................y......#....#..
,..............^@.y......#'####..
*###########.........T...........
,,,,,,+,,,,#......#####.........#
,,,,,,*,,,,#......# ####......#
,,,,,,*,,,,#......# #......#
,,,,,,*,,,,#......# #......#
,,,,,,*,,,,#......# #......#
,,,,,,*,,,,#......# #.......
,,,,,,*,,,,#......########.......


You could see a troll and 2 killer bees.

Vanquished Creatures
  A hill giant (D:10)
  A wyvern (D:8)
  A shadow (D:9)
  The ghost of baljet the Sneak, an amateur VSAs of Makhleb (D:5)
  A human (D:7)
  4 yaks
  A hungry ghost (D:7)
  2 hippogriffs
  Menkaure (D:4)
  Edmund (D:4)
  3 sky beasts
  6 orc warriors
  2 ice beasts
  A necrophage (D:9)
  A phantom (D:9)
  5 ogres
  6 centaurs
  2 big kobolds
  4 giant frogs
  2 scorpions
  4 killer bees (D:11)
  4 wights (D:8)
  8 howler monkeys
  6 crimson imps
  A centaur zombie (D:10)
  2 quasits
  A jelly (D:9)
  17 orc priests
  3 hounds
  2 centaur skeletons
  11 orc wizards
  Natasha (twice) (D:4)
  A gnoll shaman (D:10)
  5 iguanas
  6 worker ants
  A killer bee zombie (D:6)
  3 sheep (D:7)
  2 hound zombies (D:7)
  2 worker ant zombies
  8 gnolls
  14 adders
  A shadow imp (D:5)
  7 oozes
  4 worms
  3 dart slugs
  2 giant geckos
  56 orcs
  8 giant cockroaches
  5 goblins
  5 hobgoblins
  10 jackals
  14 kobolds
  3 quokkas
  7 bats
  6 giant newts
  A jackal zombie (D:5)
  8 rats
289 creatures vanquished.

Vanquished Creatures (others)
  An orc warrior (D:4)
1 creature vanquished.

Grand Total: 290 creatures vanquished

Notes
Turn   | Place    | Note
--------------------------------------------------------------
     0 | D:1      | Puuhinen the Octopode Assassin began the quest for the Orb.
     0 | D:1      | Reached XP level 1. HP: 14/14 MP: 1/1
   107 | D:1      | Reached XP level 2. HP: 19/19 MP: 2/2
   182 | D:1      | Reached skill level 6 in Stealth
   440 | D:1      | Reached XP level 3. HP: 23/24 MP: 3/3
   739 | D:2      | Found a stormy altar of Qazlal.
   880 | D:2      | Reached XP level 4. HP: 29/29 MP: 4/4
  1359 | D:3      | Reached skill level 7 in Stealth
  1644 | D:3      | Reached XP level 5. HP: 35/35 MP: 5/5
  1902 | D:3      | Found a glowing silver altar of Zin.
  2237 | D:4      | Noticed Menkaure
  2241 | D:4      | Found a white marble altar of Elyvilon.
  2241 | D:4      | Found an oddly glowing altar of Pakellas.
  2277 | D:4      | Noticed Natasha
  2279 | D:4      | Killed Natasha
  2279 | D:4      | Reached skill level 8 in Stealth
  2293 | D:4      | Noticed Natasha
  2301 | D:4      | Killed Natasha
  2301 | D:4      | Reached XP level 6. HP: 32/41 MP: 6/6
  2418 | D:4      | Noticed an orc warrior
  2553 | D:4      | Killed an orc warrior
  2553 | D:4      | Reached skill level 9 in Stealth
  2869 | D:4      | Reached XP level 7. HP: 24/45 MP: 7/7
  3219 | D:4      | Noticed Edmund
  3243 | D:4      | Killed Edmund
  3344 | D:4      | Reached skill level 10 in Stealth
  3578 | D:4      | Killed Menkaure
  3578 | D:4      | Reached XP level 8. HP: 45/52 MP: 8/8
  3609 | D:5      | Entered Level 5 of the Dungeon
  3609 | D:5      | Noticed baljet's ghost (amateur VSAs)
  4134 | D:5      | Reached skill level 11 in Stealth
  4167 | D:5      | Killed baljet's ghost
  4807 | D:6      | Found an ancient bone altar of Kikubaaqudgha.
  4985 | D:6      | Learned a level 1 spell: Apportation
  4987 | D:6      | Learned a level 1 spell: Summon Butterflies
  5050 | D:6      | Found a burning altar of Makhleb.
  5056 | D:6      | Found a shattered altar of Ashenzari.
  5104 | D:6      | Found a staircase to the Ecumenical Temple.
  5114 | Temple   | Entered the Ecumenical Temple
  5206 | Temple   | Became a worshipper of Dithmenos the Shadowed
  5234 | D:6      | Reached XP level 9. HP: 57/57 MP: 9/9
  5683 | D:6      | Found a radiant altar of Vehumet.
  5688 | D:6      | Reached skill level 1 in Translocations
  5778 | D:7      | Reached skill level 5 in Throwing
  6055 | D:7      | Reached skill level 5 in Short Blades
  6988 | D:7      | Reached * piety under Dithmenos
  6988 | D:7      | Reached skill level 5 in Dodging
  6995 | D:7      | Reached skill level 12 in Stealth
  7435 | D:8      | Reached XP level 10. HP: 65/65 MP: 10/10
  7480 | D:8      | Reached skill level 1 in Spellcasting
  7597 | D:8      | HP: 1/65 [wyvern (9)]
  8117 | D:8      | Reached skill level 5 in Fighting
  8416 | D:8      | Reached ** piety under Dithmenos
  8790 | D:8      | Found a deep blue altar of Sif Muna.
  9092 | D:9      | Found a roughly hewn altar of Beogh.
  9156 | D:9      | Found a blossoming altar of Fedhas.
  9316 | D:9      | Found an opulent altar of Gozag.
  9759 | D:9      | Found a staircase to the Orcish Mines.
  9789 | D:9      | Reached *** piety under Dithmenos
 10166 | D:9      | Found a sacrificial altar of Ru.
 10397 | D:10     | Entered Level 10 of the Dungeon
 10517 | D:10     | Reached skill level 13 in Stealth
 10522 | D:10     | Reached XP level 11. HP: 58/74 MP: 15/15
 10577 | D:10     | Noticed a hill giant
 10668 | D:9      | Reached skill level 1 in Shields
 11330 | D:10     | Killed a hill giant
 11345 | D:10     | Reached skill level 1 in Evocations
 11426 | D:10     | Found Ushong's Armour Emporium.
 11434 | D:10     | Bought a +0 buckler for 67 gold pieces
 11647 | D:10     | Reached **** piety under Dithmenos
 12241 | D:11     | HP: 3/75 [killer bee (2)]
 12246 | D:11     | HP: 1/75 [poisoned by a killer bee]
 12253 | D:11     | HP: 1/75 [killer bee (6)]
 12254 | D:11     | Succumbed to a killer bee's poison

Skill      XL: |  1  2  3  4  5  6  7  8  9 10 11 |
---------------+----------------------------------+-----
Stealth        | 6 7 8 9 10 11 12 13 | 13.0
Throwing       | 3 4 6 |  6.0
Short Blades   | 3 4 6 7 |  7.4
Dodging        | 2 3 4 5 6 |  6.9
Fighting       | 3 4 6 7 |  7.3
Translocations | 2 3 |  3.4
Spellcasting   | 3 |  3.0
Shields        | 2 |  2.3
Evocations     | 1 |  1.3

Action                   |  1- 3 |  4- 6 |  7- 9 | 10-12 || total
-------------------------+-------+-------+-------+-------++-------
Melee: Dagger            |    38 |    34 |   256 |   394 ||   722
       Tentacles         |     7 |    14 |    54 |    98 ||   173
       Constrict         |     5 |    14 |    38 |    69 ||   126
       Short sword       |       |    52 |       |       ||    52
       Unarmed           |       |       |       |     2 ||     2
 Fire: Blowgun           |    18 |    38 |   112 |   147 ||   315
Throw: Tomahawk          |       |       |       |     1 ||     1
Invok: Shadow Step       |       |       |       |     2 ||     2
 Abil: Evoke Berserk Rag |       |       |       |     1 ||     1
  Use: Scroll            |       |     4 |    12 |     4 ||    20
       Potion            |       |     2 |     7 |     9 ||    18
 Stab: Sleeping          |     8 |    19 |    23 |    26 ||    76
       Distracted        |       |     1 |       |     2 ||     3
       Invisible         |       |       |     1 |     4 ||     5
  Eat: Chunk             |       |     5 |    12 |     6 ||    23
       Beef jerky        |       |     2 |     1 |       ||     3
       Meat ration       |       |       |       |     2 ||     2
       Royal jelly       |       |       |       |     1 ||     1
Armor: Skin              |     3 |     7 |    38 |    50 ||    98
Dodge: Dodged            |     9 |    32 |   120 |   332 ||   493
